 Dungeon Crawl Stone Soup version 0.30-a0-738-g116ff8c4af (webtiles) character file.

Game seed: 13547403124016938034

24501 Ijustatesigmund the Thaumaturge (level 12, -3/66 HPs)
             Began as a Deep Elf Conjurer on Feb 3, 2023.
             Was an Elder of Vehumet.
             Hit by a large rock thrown by a cyclops (31 damage)
             ... on level 12 of the Dungeon.
             The game lasted 00:56:17 (18148 turns).

Ijustatesigmund the Thaumaturge (DECj)             Turns: 18148, Time: 00:56:17

Health: -3/66      AC: 20    Str:  6    XL:     12   Next: 81%
Magic:  25/32      EV: 11    Int: 29    God:    Vehumet [****..]
Gold:   1282       SH:  9    Dex: 13    Spells: 15/40 levels left

rFire   . . .      SeeInvis .    c - +5 quick blade (flame)
rCold   . . .      Faith    .    C - +1 buckler
rNeg    . . .      Spirit   .    a - +2 troll leather armour
rPois   .          Reflect  .    (helmet restricted)
rElec   .          Harm     .    v - +1 cloak
rCorr   .          Rampage  .    b - +2 pair of gloves "Lotseopp" {Str+2}
Will    +....                    w - +1 pair of boots
Stlth   ++                       r - amulet of magic regeneration
HPRegen 1.11/turn                f - +4 ring of protection
MPRegen 0.63/turn                m - ring of wizardry

@: no status effects
A: antennae 1, iridescent scales 1, large bone plates 1
a: Renounce Religion


You were on level 12 of the Dungeon.
You worshipped Vehumet.
Vehumet was greatly pleased with you.
You visited 2 branches of the dungeon, and saw 13 of its levels.

You collected 2896 gold pieces.
You spent 1614 gold pieces at shops.

Inventory:

Hand Weapons
 c - a +5 quick blade of flaming (weapon)
 e - a +1 sling
 H - the +2 dagger of Due Proportion {heavy, rElec rPois}
   (You found it on level 11 of the Dungeon)

   rElec:     It insulates you from electricity.
   rPois:     It protects you from poison.
Missiles
 n - 5 boomerangs of dispersal (quivered)
 A - a throwing net
Armour
 a - a +2 troll leather armour (worn)
 b - the +2 pair of gloves "Lotseopp" (worn) {Str+2}
   (You acquired it on level 5 of the Dungeon)

   Str:       It affects your strength (+2).
 v - a +1 cloak (worn)
 w - a +1 pair of boots (worn)
 B - +0 acid dragon scales
 C - a +1 buckler (worn)
Jewellery
 f - a +4 ring of protection (left hand)
 m - a ring of wizardry (right hand)
 r - an amulet of magic regeneration (around neck)
 y - a ring of positive energy
 K - a +6 ring of dexterity
Wands
 g - a wand of paralysis (14)
 u - a wand of acid (11)
 I - a wand of digging (2)
 J - a wand of polymorph (4)
Scrolls
 h - 6 scrolls of teleportation
 i - 6 scrolls of magic mapping
 k - 4 scrolls of amnesia
 o - 2 scrolls of butterflies
 q - 5 scrolls of fog
 t - a scroll of silence
 D - 4 scrolls of identify
 F - a scroll of enchant armour
Potions
 d - 6 potions of curing
 j - 3 potions of haste
 l - 3 potions of might
 p - 2 potions of mutation
 s - 2 potions of magic
 x - 4 potions of attraction
 z - a potion of cancellation
 E - a potion of ambrosia
 G - a potion of heal wounds


   Skills:
 - Level 3.7 Fighting
 - Level 3.0 Short Blades
 - Level 3.5 Armour
 - Level 2.4 Dodging
 - Level 2.4 Stealth
 - Level 2.1 Shields
 + Level 14.8 Spellcasting
 + Level 13.0 Conjurations
 - Level 10.1 Necromancy
 - Level 5.0 Ice Magic
 - Level 4.8 Air Magic
 + Level 4.1 Earth Magic
 - Level 5.3 Poison Magic
 - Level 2.3 Evocations


You had 15 spell levels left.
You knew the following spells:

 Your Spells              Type           Power      Damage    Failure   Level
a - Magic Dart            Conj           100%       1d8       0%          1
b - Searing Ray           Conj           100%       2d8       1%          2
c - Frozen Ramparts       Ice            100%       1d16      1%          3
d - Dispel Undead         Necr           69%        3d23      1%          4
e - Ozocubu's Armour      Ice            50%        N/A       1%          3
f - Orb of Destruction    Conj           38%        9d11      2%          7
g - Poisonous Vapours     Pois/Air       100%       N/A       1%          2
h - Stone Arrow           Conj/Erth      100%       3d13      1%          3

Your spell library contained the following spells:

 Spells                   Type           Power      Damage    Failure   Level
 Freeze                   Ice            100%       1d10      1%          1
 Kiss of Death            Conj/Necr      100%       2d13      1%          1
 Slow                     Hex            84%        N/A       1%          1
 Sublimation of Blood     Necr           69%        N/A       1%          2
 Dazzling Flash           Conj/Hex       100%       N/A       1%          3
 Hailstorm                Conj/Ice       65%        3d14      1%          3
 Ignite Poison            Fire/Tmut/Pois 31%        N/A       1%          3
 Kindle Blastsparks       Fire/Tloc/Air  60%        2d15      1%          3
 Vampiric Draining        Necr           69%        2d10      1%          3
 Fulminant Prism          Conj/Hex       28%        3d14      1%          4
 Iskenderun's Mystic Bla  Conj/Tloc      56%        2d12      1%          4
 Freezing Cloud           Conj/Ice/Air   30%        6-21      1%          5
 Call Imp                 Summ           21%        N/A       2%          2
 Wereblood                Tmut           21%        N/A       2%          2
 Confusing Touch          Hex            21%        N/A       6%          3
 Summon Guardian Golem    Hex/Summ       21%        N/A       6%          3
 Ice Form                 Ice/Tmut       36%        N/A       7%          4
 Summon Ice Beast         Ice/Summ       36%        N/A       7%          4
 Spellforged Servitor     Conj/Summ      28%        N/A       26%         7
 Ozocubu's Refrigeration  Ice            25%        4d13      41%         7
 Summon Cactus Giant      Summ           10%        N/A       94%         6
 Monstrous Menagerie      Summ           10%        N/A       100%        7
 Summon Hydra             Summ           10%        N/A       100%        7


Dungeon Overview and Level Annotations

Branches:
Dungeon (12/15)            Temple (1/1) D:7            Lair (0/5) D:11
    Orc (0/2) D:10

Altars:
Ashenzari
Cheibriados
Dithmenos
Elyvilon
Fedhas
Gozag
Hepliaklqana
Kikubaaqudgha
Makhleb
Nemelex Xobeh
Okawaru
Qazlal
Ru
Sif Muna
Trog
Uskayaw
Vehumet
Wu Jian
Xom
Yredelemnul
Zin
The Shining One

Shops:
D:3 [   D:9 =

Annotations:
D:12 Frances


Innate Abilities, Weirdness & Mutations

You have a pair of small antennae on your head.
You are partially covered in iridescent scales. (AC +2)
You are partially covered in large bone plates. (SH +4)


Message History

Casting: Stone Arrow (safe; 1% risk of failure)
Confirm with . or Enter, or press ? or * to list all spells.
Aiming: Stone Arrow (safe; 1% risk of failure)
Press: ? - help, Shift-Dir - straight line, f - wraith
Aim: a wraith (moderately damaged, 78% to hit)
The stone arrow hits the wraith but does no damage.
The wraith is moderately damaged.
The wraith resists.
The wall freezes the wraith.
You block the wraith's attack.
Casting: Stone Arrow (safe; 1% risk of failure)
Confirm with . or Enter, or press ? or * to list all spells.
Aiming: Dispel Undead (safe; 1% risk of failure)
Press: ? - help, Shift-Dir - straight line, f/p - wraith
Aim: a wraith (moderately damaged, 100% to hit)
The wraith is dispelled!!!
You destroy the wraith!
Vehumet accepts your kill.
You start resting.
The frozen ramparts melt away.
You start resting.
HP restored.
You start resting.
Magic restored.
Your icy armour cracks and falls away as you move.
You see here a yak corpse.
There is an open door here.
You now have 1282 gold pieces (gained 13).
Found a stone staircase leading down.
There is an open door here.
D - 4 scrolls of identify (gained 1)
A cyclops comes into view.
The cyclops shouts!
The cyclops throws a large rock.
The large rock hits you!!!
Ouch! That really hurt!
Casting: Dispel Undead (safe; 1% risk of failure)
Confirm with . or Enter, or press ? or * to list all spells.
Aiming: Orb of Destruction (dangerous; 2% risk of failure)
Press: ? - help, Shift-Dir - straight line, f - cyclops
Aim: a cyclops, quivering large rocks The cyclops throws a large rock.
The large rock hits you!!
You die...

...... ...>.# #.C.....#
.....# #.......# .....#
#.......# .....#
#.......# .....#
#.......#
.....##########.......#
##..............*.....#
.#######........@.....#
.......#..............#
.......#..........#####
.......#..........#
.......#..........#
.......+..........#
.......#..........#
.......#..........# ..


You could see a cyclops (ally target).

Vanquished Creatures
  3 two-headed ogres
  A boulder beetle (D:11)
  A skeletal warrior (D:11)
  Lodul (D:11)
  3 cyclopes
  3 ugly things
  3 manticores (D:8)
  7 centaur zombies (D:10)
  3 unseen horror zombies (D:10)
  A kobold demonologist (D:9)
  2 trolls (D:11)
  A merfolk (D:8)
  A tarantella (shapeshifter) (D:12)
  Sigmund (D:4)
  5 slime creatures (D:12)
  2 vampires (D:10)
  3 shadows
  14 yaks
  6 wraiths
  2 wyverns (D:8)
  3 steam dragons
  4 vampire mosquitoes (D:11)
  2 acid dragons
  A water moccasin (D:6)
  6 orc warriors
  7 black bears
  A sky beast (D:6)
  4 ice beasts
  8 ogres
  2 wolves (D:11)
  6 centaurs
  2 phantoms
  6 kobold brigands
  3 gnoll sergeants
  7 scorpions
  10 bullfrogs
  A necrophage (D:6)
  10 wights
  3 killer bees (D:10)
  5 howler monkeys
  14 electric eels
  7 hounds
  3 jellies
  12 orc priests
  3 gnoll boudas
  4 iguanas
  Terence (D:3)
  Jessica (D:3)
  Natasha (twice) (D:3)
  17 orc wizards
  2 howler monkey zombies (D:10)
  12 gnolls
  5 adders
  A shadow imp (D:6)
  2 white imps
  An ufetubus (D:5)
  3 worms
  9 dart slugs
  32 orcs
  10 endoplasms
  5 goblins
  7 hobgoblins
  7 jackals
  3 quokkas
  7 ball pythons
  5 bats
  10 frilled lizards
  20 kobolds
  2 rats
361 creatures vanquished.

Vanquished Creatures (others)
  144 plants
  4 withered plants (D:10)
148 creatures vanquished.

Grand Total: 509 creatures vanquished

Notes
Turn   | Place    | Note
-------+----------+-------------------------------------------
     0 | D:1      | Ijustatesigmund the Deep Elf Conjurer began the quest for
                  | the Orb.
     0 | D:1      | Reached XP level 1. HP: 10/10 MP: 6/6
   296 | D:1      | Found a faded altar of an unknown god.
   299 | D:1      | Reached XP level 2. HP: 15/15 MP: 5/8
  1307 | D:2      | Learned a level 2 spell: Searing Ray
  1344 | D:2      | Reached skill level 4 in Spellcasting
  1444 | D:2      | Reached skill level 5 in Conjurations
  1444 | D:2      | Reached XP level 3. HP: 19/19 MP: 8/10
  2028 | D:2      | Learned a level 3 spell: Frozen Ramparts
  2049 | D:3      | Noticed Jessica
  2059 | D:3      | Killed Jessica
  2060 | D:3      | Reached skill level 1 in Ice Magic
  2060 | D:3      | Reached XP level 4. HP: 22/24 MP: 1/12
  2549 | D:3      | Noticed Terence
  2565 | D:3      | Killed Terence
  2730 | D:3      | Reached skill level 5 in Spellcasting
  2890 | D:3      | You fall into a shaft and drop 3 floors!
  2942 | D:5      | Entered Level 5 of the Dungeon
  2963 | D:5      | Noticed a scorpion
  2965 | D:5      | Noticed a black bear
  3009 | D:5      | Noticed an ice beast
  3018 | D:5      | Killed an ice beast
  3019 | D:5      | Reached XP level 5. HP: 17/28 MP: 4/14
  3257 | D:5      | Identified a scroll of acquirement
  3257 | D:5      | Acquired the +2 pair of gloves "Lotseopp" {Str+2}
  3386 | D:5      | Reached XP level 6. HP: 26/32 MP: 8/16
  3391 | D:5      | Reached skill level 6 in Spellcasting
  4100 | D:5      | Reached XP level 7. HP: 33/36 MP: 3/18
  4428 | D:3      | Found Viunaof's Armour Boutique.
  4696 | D:3      | Noticed Natasha
  4702 | D:3      | Killed Natasha
  4744 | D:3      | Noticed Natasha
  4748 | D:3      | Killed Natasha
  4988 | D:3      | Bought a +2 troll leather armour for 270 gold pieces
  5106 | D:4      | Noticed Sigmund
  5114 | D:4      | Killed Sigmund
  5115 | D:4      | Reached skill level 1 in Fighting
  5115 | D:4      | Reached skill level 1 in Armour
  5115 | D:4      | Reached skill level 7 in Spellcasting
  5643 | D:4      | Acquired 931 gold pieces
  5648 | D:4      | Acquired a +0 quick blade of flaming
  5893 | D:4      | Reached XP level 8. HP: 43/44 MP: 13/21
  6254 | D:4      | Reached skill level 5 in Ice Magic
  6687 | D:5      | Reached skill level 8 in Spellcasting
  7230 | D:5      | Found a shimmering blue altar of Sif Muna.
  7589 | D:6      | Reached skill level 9 in Spellcasting
  7623 | D:6      | Reached XP level 9. HP: 48/48 MP: 19/24
  7628 | D:6      | Learned a level 4 spell: Dispel Undead
  7664 | D:6      | Reached skill level 1 in Necromancy
  8102 | D:6      | Learned a level 3 spell: Ozocubu's Armour
  8769 | D:7      | Reached skill level 5 in Necromancy
  9227 | D:7      | Found a staircase to the Ecumenical Temple.
  9236 | Temple   | Entered the Ecumenical Temple
  9244 | Temple   | Became a worshipper of Vehumet
  9391 | D:7      | Noticed a red ugly thing
  9401 | D:7      | Killed a red ugly thing
  9401 | D:7      | Noticed a cyclops
  9408 | D:7      | Killed a cyclops
  9518 | D:7      | Got Sodwydel's Almanac of Apparitions and Malediction
  9664 | D:8      | Learned a level 7 spell: Orb of Destruction
  9680 | D:8      | Reached skill level 1 in Short Blades
  9719 | D:8      | Reached XP level 10. HP: 53/53 MP: 8/25
  9808 | D:8      | Reached * piety under Vehumet
  9808 | D:8      | Offered knowledge of Shock by Vehumet.
 10216 | D:8      | Reached skill level 10 in Necromancy
 10875 | D:8      | Reached skill level 10 in Spellcasting
 11357 | D:8      | Reached ** piety under Vehumet
 11487 | D:8      | Identified the +9 mace of the Telling Gods {antimagic,
                  | rPois rF+ Stlth-}
 11493 | D:8      | Offered knowledge of Foxfire by Vehumet.
 11575 | D:8      | Noticed a two-headed ogre
 11576 | D:8      | Noticed a two-headed ogre
 11634 | D:8      | Killed a two-headed ogre
 11721 | D:8      | Killed a two-headed ogre
 11722 | D:8      | Reached skill level 11 in Spellcasting
 11722 | D:8      | Reached skill level 10 in Conjurations
 11880 | D:8      | Reached XP level 11. HP: 60/60 MP: 15/28
 12159 | D:8      | Gained mutation: You are partially covered in iridescent
                  | scales. (AC +2) [potion of mutation]
 12159 | D:8      | Gained mutation: You are partially covered in large bone
                  | plates. (SH +4) [potion of mutation]
 12159 | D:8      | Gained mutation: You have a pair of small antennae on your
                  | head. [potion of mutation]
 12196 | D:8      | Found a snail-covered altar of Cheibriados.
 12423 | D:8      | Acquired 658 gold pieces
 12516 | D:8      | Reached skill level 1 in Evocations
 13699 | D:8      | Reached skill level 12 in Spellcasting
 13702 | D:8      | Reached skill level 1 in Shields
 14296 | D:9      | Found Omnenik's Jewellery Shoppe.
 14312 | D:9      | Bought a +4 ring of protection for 504 gold pieces
 14312 | D:9      | Bought a ring of wizardry for 420 gold pieces
 14314 | D:9      | Bought an amulet of magic regeneration for 420 gold pieces
 14382 | D:9      | Found a glowing golden altar of the Shining One.
 14388 | D:9      | Found a shimmering altar of Xom.
 14399 | D:9      | Found a basalt altar of Yredelemnul.
 14970 | D:10     | Entered Level 10 of the Dungeon
 15205 | D:10     | Offered knowledge of Poisonous Vapours by Vehumet.
 15245 | D:10     | Learned a level 2 spell: Poisonous Vapours
 15465 | D:10     | Noticed a two-headed ogre
 15474 | D:10     | Killed a two-headed ogre
 15475 | D:10     | Reached skill level 1 in Air Magic
 15475 | D:10     | Reached skill level 1 in Poison Magic
 15659 | D:10     | Reached skill level 13 in Spellcasting
 15660 | D:10     | Reached *** piety under Vehumet
 15819 | D:10     | Reached XP level 12. HP: 63/66 MP: 25/31
 16065 | D:10     | Offered knowledge of Inner Flame by Vehumet.
 16221 | D:10     | Found a staircase to the Orcish Mines.
 16320 | D:10     | Found a white marble altar of Elyvilon.
 16944 | D:11     | Noticed a boulder beetle
 16950 | D:11     | Killed a boulder beetle
 16993 | D:11     | Noticed Lodul
 17012 | D:11     | Reached **** piety under Vehumet
 17013 | D:11     | Reached skill level 5 in Poison Magic
 17073 | D:11     | Identified the +2 dagger of Due Proportion {heavy, rElec
                  | rPois}
 17142 | D:11     | Offered knowledge of Stone Arrow by Vehumet.
 17156 | D:11     | Learned a level 3 spell: Stone Arrow
 17184 | D:11     | Reached skill level 14 in Spellcasting
 17227 | D:11     | Found a staircase to the Lair.
 17405 | D:11     | Reached skill level 1 in Earth Magic
 17410 | D:11     | Killed Lodul
 17532 | D:11     | Identified the +1 pair of gloves of the Original Sin {Int+4
                  | Slay+2}
 17748 | D:12     | Noticed Frances
 18148 | D:12     | Hit by a large rock thrown by a cyclops

Illustrated notes

Levels and vault maps discovered:
D:1:      dpeg_arrival_line_fractal, layout_loops_ring,
          chequers_ecumenical_altar_simple
D:2:      layout_loops_ring, nicolae_figureground_sparkle
D:3:      kennysheep_slugbush, layout_rooms, serial_shops, shop, uniq_terence,
          uniq_jessica, uniq_natasha
D:4:      layout_loops_corners, kennysheep_boxes, uniq_sigmund
D:5:      layout_basic, mainiacjoe_overflow_alcove_4, kennysheep_generic_room_14
D:6:      layout_basic
D:7:      minmay_blocky_corners, layout_cave_pools, minmay_temple_entry_mist,
          minmay_misc_feat_nine_boxes, kennysheep_cross_room
D:8:      kennysheep_town
D:9:      layout_rooms, minmay_overflow_temple_star_quad, serial_shops, shop,
          kennysheep_generic_room_15
D:10:     layout_irregular_city, lemuel_crystal_altar, david_orc_4,
          serial_undead, serial_undead_b, serial_undead_a, serial_undead_a,
          serial_undead_a, serial_undead_a, minivault_22
D:11:     layout_long_grid, erik_lair_island, minivault_23, uniq_lodul
D:12:     layout_irregular_city, uniq_frances
Temple:   sentei_temple_godly_chess

Skill      XL: |  1  2  3  4  5  6  7  8  9 10 11 12 |
---------------+-------------------------------------+-----
Spellcasting   | 4 5 6 7 9 11 13 14 | 14.8
Conjurations   | 5 6 7 8 10 11 13 | 13.0
Ice Magic      | 1 2 3 4 5 |  5.0
Fighting       | 1 2 3 |  3.7
Armour         | 1 3 |  3.5
Necromancy     | 9 10 | 10.1
Short Blades   | 1 3 |  3.0
Evocations     | 2 |  2.3
Shields        | 2 |  2.1
Air Magic      | 3 4 |  4.8
Poison Magic   | 3 5 |  5.3
Earth Magic    | 4 |  4.1
Dodging        | |  2.4
Stealth        | |  2.4

Action                     |  1- 3 |  4- 6 |  7- 9 | 10-12 || total
---------------------------+-------+-------+-------+-------++-------
  Melee: Quick blade       |       |       |    23 |    95 ||   118
         Punch             |       |       |       |     1 ||     1
   Cast: Magic Dart        |    68 |    67 |   100 |   230 ||   465
         Searing Ray       |       |    13 |    58 |   148 ||   219
         Frozen Ramparts   |       |       |     5 |    38 ||    43
         Ozocubu's Armour  |       |       |     2 |    16 ||    18
         Dispel Undead     |       |       |       |    17 ||    17
         Orb of Destructio |       |       |       |    18 ||    18
         Stone Arrow       |       |       |       |     2 ||     2
         Poisonous Vapours |       |       |       |     2 ||     2
  Evoke: Wand              |       |       |     1 |     5 ||     6
    Use: Scroll            |     2 |     9 |    11 |    12 ||    34
         Potion            |       |     1 |       |     6 ||     7
 Armour: Robe              |       |     5 |     1 |       ||     6
         Troll leather arm |       |       |    48 |   203 ||   251
  Dodge: Dodged            |     1 |    16 |    38 |   175 ||   230
  Block: Buckler           |       |       |       |   113 ||   113
         Other             |       |       |       |     3 ||     3

Table legend: (Time is in decaauts)
 A = Elapsed time spent in this place.
 B = Non-inter-level travel time spent in this place.
 C = Inter-level travel time spent in this place.
 D = Time resting spent in this place.
 E = Time spent auto-exploring this place.
 F = Levels seen in this place.
 G = Mean time per level.
                   A        B        C        D        E       F      G
               +--------+--------+--------+--------+--------+-----+--------+
         Total |  18154 |  17740 |    414 |   6847 |   8353 |  13 | 1396.5 |
       Dungeon |  18139 |  17731 |    408 |   6847 |   8353 |  12 | 1511.6 |
        Temple |     14 |      8 |      6 |      0 |      0 |   1 |   14.0 |
               +--------+--------+--------+--------+--------+-----+--------+

Top non-repeatable levels by time:
     D:8: 4486 daAuts
     D:5: 2145 daAuts
     D:4: 1848 daAuts
    D:10: 1591 daAuts
     D:3: 1255 daAuts
    D:11: 1221 daAuts
     D:6: 1192 daAuts
     D:1: 1192 daAuts
     D:7: 1066 daAuts
     D:2: 939 daAuts
     D:9: 841 daAuts
    D:12: 358 daAuts
  Temple: 14 daAuts
